Unix NetHack Version 5.0.0-0 post-release - last build Jul 19 2026 19:10:59 (3aa4ab31751d3886436d94b585a96704892fd477,branch:main).

Game began 2026-07-23 10:47:47, ended 2026-07-23 11:00:14.

Booker, lawful male human Knight

       ---------
       |{......|
       |.......|
       |..<....|
       |.......|
       ---|-----
          #
          #
          #####
              ##
               #
      ---------u-----
      |........@.r..|
      |.............|
      |..............
      ---------------

Booker the Esquire       St:14 Dx:8 Co:13 In:8 Wi:14 Ch:18  Lawful S:393
Dlvl:4  $:61 HP:0(30) Pw:25(25) AC:3  Xp:3/43 T:1409  Burdened

Latest messages:
 Welcome to experience level 3.
 You are splashed by the acid blob's acid!
 You see here an acid blob corpse.
 MrEd picks up an acid blob corpse.
 MrEd drops an acid blob corpse.
 You find a hidden passage.
 MrEd drops an acid blob corpse.
 Where do you want to travel to?
 (For instructions type a '?')
 Pardon me, MrEd.
 You fall down the stairs.
 You swap places with MrEd.
 The door opens.
 You are carrying too much to get through.
 You find a hidden passage.
 The door opens.
 The homunculus bites!
 You are put to sleep by the homunculus!
 The homunculus bites!
 The homunculus bites!
 The homunculus bites!
 You wake up.
 You miss the homunculus.
 The homunculus bites!
 The homunculus bites!
 You miss the homunculus.
 The homunculus bites!
 You avoid harm.
 You miss the homunculus.
 The homunculus bites!
 You hit the homunculus.
 The homunculus bites!
 You are put to sleep by the homunculus!
 The homunculus bites!
 You wake up.
 You hit the homunculus.
 The homunculus just misses!
 You hit the homunculus.
 The homunculus bites!
 You hit the homunculus!
 The homunculus bites!
 The homunculus bites!
 You swap places with MrEd.
 MrEd hits the homunculus.
 The homunculus is killed!
 You swap places with MrEd.
 You see here a homunculus corpse.
 There is a homunculus corpse here; eat it? [ynq] (n)
 Ecch - that must have been poisonous!
 You die...

Inventory:
 Coins    ('$')
  $ - 61 gold pieces
 Weapons  (')')
  a - a blessed +1 long sword (weapon in right hand)
  b - an uncursed +1 lance (alternate weapon; not wielded)
 Armor    ('[')
  d - an uncursed +0 helmet (being worn)
  f - an uncursed +0 pair of leather gloves (being worn)
  e - an uncursed +0 small shield (being worn)
  c - an uncursed +1 ring mail (being worn)
 Comestibles  ('%')
  o - 2 uncursed mangos
  g - 14 uncursed apples
  h - 11 uncursed carrots
  r - 2 uncursed food rations
  y - a cursed food ration
  u - an uncursed lembas wafer
 Scrolls  ('?')
  x - an uncursed scroll of confuse monster
 Spellbooks  ('+')
  q - an uncursed spellbook of healing
 Potions  ('!')
  z - an uncursed potion of extra healing
  p - an uncursed potion of gain ability
  m - an uncursed potion of healing
  v - an uncursed potion of sickness
 Rings    ('=')
  n - an uncursed +1 ring of gain strength (on left hand)
  t - an uncursed ring of protection from shape changers (on right hand)
 Wands    ('/')
  i - an uncursed wand of light (0:11)
 Tools    ('(')
  s - an uncursed skeleton key

Booker the Knight's attributes:

Background:
 You were an Esquire, a level 3 male human Knight.
 You were lawful, nominally on a mission for Lugh
 who was opposed by Brigit (neutral) and Manannan Mac Lir (chaotic).
 You were right-handed.
 You were in the Dungeons of Doom, on level 4.
 You entered the dungeon 1409 turns ago.
 You had 43 experience points, 37 more were needed to attain level 4.
 Your score was 393 before end-of-game adjustments.

Basics:
 You had 0 out of 30 hit points.
 You had all 25 energy points (spell power).
 Your armor class was 3.
 Your wallet contained 61 zorkmids.
 Autopickup was on for '$%?!"=/' plus thrown, with exceptions.

Final Characteristics:
 Your strength was 14 (base:13, peak:14, limit:18/100).
 Your dexterity was 8 (limit:18).
 Your constitution was 13 (limit:18).
 Your intelligence was 8 (limit:18).
 Your wisdom was 14 (limit:18).
 Your charisma was 18 (limit:18).

Final Status:
 You weren't hungry.
 You were burdened; movement was slightly slowed.
 You were wielding a long sword.
 You had basic skill with long sword.

Final Attributes:
 You were devoutly aligned.
 You could jump.
 You were warded.
 You were protected from shape changers.
 You are dead.

Miscellaneous:
 You disabled loading and storing of bones levels.
 Total elapsed playing time was 12 minutes and 26 seconds.

Major events:
 Turn
    1: Booker the lawful male human Knight entered the dungeon
  731: entered the Gnomish Mines
 1286: attained the rank of Esquire (level 3)
 1409: killed by a poisonous corpse

You didn't know any spells.

Skills:
 Fighting Skills
   bare handed combat [Unskilled]
   two weapon combat  [Unskilled]
   riding             [Basic]
 Weapon Skills
   dagger             [Unskilled]
   knife              [Unskilled]
   axe                [Unskilled]
   pick-axe           [Unskilled]
   short sword        [Unskilled]
   broadsword         [Unskilled]
   long sword         [Basic]
   two-handed sword   [Unskilled]
   saber              [Unskilled]
   club               [Unskilled]
   mace               [Unskilled]
   morning star       [Unskilled]
   flail              [Unskilled]
   hammer             [Unskilled]
   polearms           [Unskilled]
   spear              [Unskilled]
   trident            [Unskilled]
   lance              [Basic]
   bow                [Unskilled]
   crossbow           [Unskilled]
 Spellcasting Skills
   attack spells      [Unskilled]
   healing spells     [Unskilled]
   clerical spells    [Unskilled]

Voluntary challenges:
 Character rerolling was not enabled.
 You were an atheist.
 You never genocided any monsters.
 You never polymorphed an object.
 You never changed form.
 You used no wishes.
Achievements:
 You entered a shop.
 You entered the Gnomish Mines.
 You attained the rank of Esquire.

 The Dungeons of Doom: levels 1 to 4
    Level 1:
       Many fountains.
    Level 2:
       A food shop.
       Stairs down to The Gnomish Mines.
    Level 3:
       Some fountains.
    Level 4: <- You were here.
       A fountain.
       Final resting place for
          you, killed by a poisonous corpse.
 The Gnomish Mines:
    Level 3:


Vanquished creatures:
  a homunculus
 an acid blob
  a giant rat
  2 gnomes
  a gecko
  4 jackals
  a fox
  a kobold
  a goblin
  5 lichens
  4 newts
22 creatures vanquished.

No species were genocided or became extinct.

Game over:
                       ----------
                      /          \
                     /    REST    \
                    /      IN      \
                   /     PEACE      \
                  /                  \
                  |      Booker      |
                  |      61 Au       |
                  |   killed by a    |
                  | poisonous corpse |
                  |                  |
                  |                  |
                  |       2026       |
                 *|     *  *  *      | *
        _________)/\\_//(\/(/\)/\//\/|_)_______

Fare thee well Booker the Knight...

You died in The Dungeons of Doom on dungeon level 4 with 387 points,
and 61 pieces of gold, after 1409 moves.
You were level 3 with a maximum of 30 hit points when you died.

